 Dungeon Sprint DCSS version 0.28-a0-906-g0406aca7d3 (webtiles) character file.

Game seed: 9134017718872268791

1130 tatocazan the Fighter (level 8, -8/82 HPs)
             Began as a Hill Orc Fighter on Nov 23, 2021.
             Was a Believer of Okawaru.
             Mangled by a red ugly thing (13 damage)
             ... in the Dungeon (Sprint IX: "|||||||||||||||||||||||||||||").
             The game lasted 00:04:04 (1136 turns).

tatocazan the Fighter (Hill Orc Fighter)            Turns: 1136, Time: 00:04:04

Health: -8/82      AC: 12    Str: 21    XL:     8   Next: 36%
Magic:  8/8        EV: 10    Int:  8    God:    Okawaru [**....]
Gold:   0          SH:  0    Dex: 16    Spells: 7/7 levels left

rFire   . . .      SeeInvis .   n - +4 quarterstaff (spect)
rCold   . . .      Faith    .   (shield currently unavailable)
rNeg    . . .      Spirit   .   q - +1 scale mail
rPois   .          Reflect  .   (no helmet)
rElec   .          Harm     .   (no cloak)
rCorr   .          Rampage  .   p - +0 pair of gloves
Will    .....      NoTele   +   o - +0 pair of boots
Stlth   ..........              (no amulet)
HPRegen 0.23/turn               r - +3 ring of dexterity
MPRegen 0.11/turn               s - +3 ring of dexterity

@: no status effects
A: no striking features
a: Renounce Religion, Heroism


You were in the Dungeon.
You worshipped Okawaru.
Okawaru was pleased with you.
You visited 1 branch

Inventory:

Hand Weapons
 a - a +0 trident
 m - a +2 halberd of venom
 n - a +4 spectral quarterstaff (weapon)
Armour
 b - a +0 scale mail
 c - a +0 buckler
 o - a +0 pair of boots (worn)
 p - a +0 pair of gloves (worn)
 q - a +1 scale mail (worn)
Jewellery
 r - a +3 ring of dexterity (left hand)
 s - a +3 ring of dexterity (right hand)
Wands
 l - a wand of iceblast (10)
Scrolls
 j - 2 scrolls of blinking
 k - 2 scrolls of amnesia
Potions
 d - a potion of might
 e - 5 potions of curing
 h - 4 potions of magic


   Skills:
 + Level 11.3 Fighting
 * Level 10.1 Polearms
 + Level 10.4 Armour
 + Level 0.0 Dodging
 + Level 10.4 Shields
 + Level 0.0 Invocations


You had 7 spell levels left.
You didn't know any spells.
Your spell library was empty.

Dungeon Overview and Level Annotations

Branches:
Dungeon (1/1)

Altars:
Cheibriados
Dithmenos
Elyvilon
Fedhas
Gozag
Hepliaklqana
Kikubaaqudgha
Makhleb
Nemelex Xobeh
Okawaru
Qazlal
Ru
Sif Muna
Trog
Uskayaw
Vehumet
Wu Jian
Xom
Yredelemnul
Zin
The Shining One
Beogh
Jiyva
Lugonu


Message History

You start resting.
You regained 55 hp, and now have 69/82 hp.
There is an open door to the Dungeon, spattered with blood here.
Items here: ))) [.
Things that are here:
a +0 dagger; a +0 robe You open the door.
A basilisk, a manticore, a vampire mosquito, an ugly thing and 2 centaur warriors come into view.
The vampire mosquito buzzes angrily.
The red ugly thing gurgles horribly!
The basilisk hisses angrily.
You barely miss the basilisk. The basilisk gazes at you.
You are slowing down.
Okay, then.
You hit the basilisk.
The basilisk is lightly wounded.
The basilisk bites you but does no damage.
Your limbs are stiffening.
You sock the red ugly thing!
The red ugly thing is lightly wounded.
The red ugly thing barely misses you.
You have turned to stone.
The red ugly thing trunk-slaps you but does no damage.
The red ugly thing trunk-slaps you.
You are engulfed in flames!!
The red ugly thing barely misses you. The red ugly thing trunk-slaps you.
You are engulfed in flames!
The red ugly thing trunk-slaps you!
You are engulfed in flames!!
The red ugly thing trunk-slaps you.
You are engulfed in flames!
The red ugly thing trunk-slaps you but does no damage. x2
The red ugly thing trunk-slaps you.
You are engulfed in flames!
* * * LOW HITPOINT WARNING * * *
The red ugly thing trunk-slaps you.
* * * LOW HITPOINT WARNING * * *
You are engulfed in flames!
* * * LOW HITPOINT WARNING * * *
You turn to flesh and can move again.
You take 57 damage, and have 14/82 hp.
MASSIVE DAMAGE!!
The red ugly thing trunk-slaps you!
* * * LOW HITPOINT WARNING * * *
You are engulfed in flames!
You die...

▓.▓
▓c▓
▓H▓
▓y▓
▓'▓
▓l▓
▓.▓
▓u▓
▓@▓
▓.▓
▓)▓
▓)▓
▓.▓
▓.▓
▓.▓
▓.▓
▓.▓


You could see a red ugly thing, a centaur warrior, a manticore, a basilisk and a
vampire mosquito.

Vanquished Creatures
  A two-headed ogre (D)
  A komodo dragon (D)
  A yak (D)
  A black bear (D)
  A hound (D)
  2 orc wizards (D)
  A shadow imp (D)
  An orc (D)
  A ball python (D)
  A bat (D)
  An endoplasm (D)
  A hobgoblin (D)
  A ball python skeleton (D)
  A jackal zombie (D)
  A rat (D)
16 creatures vanquished.

Notes
Turn   | Place    | Note
-------+----------+-------------------------------------------
     0 | D        | tatocazan the Hill Orc Fighter began the quest for the Orb.
     0 | D        | Reached XP level 1. HP: 19/19 MP: 1/1
     8 | D        | Reached skill level 4 in Fighting
    87 | D        | Noticed a hound
    87 | D        | Noticed a black bear
    94 | D        | Reached XP level 2. HP: 27/28 MP: 2/2
   110 | D        | Killed a black bear
   111 | D        | Reached skill level 6 in Fighting
   111 | D        | Reached skill level 5 in Polearms
   111 | D        | Reached skill level 5 in Armour
   111 | D        | Reached XP level 3. HP: 38/38 MP: 3/3
   111 | D        | Reached XP level 4. HP: 45/45 MP: 4/4
   117 | D        | Reached XP level 5. HP: 51/51 MP: 5/5
   187 | D        | Found a roughly hewn altar of Beogh.
   187 | D        | Found a snail-covered altar of Cheibriados.
   187 | D        | Found a shadowy altar of Dithmenos.
   187 | D        | Found a white marble altar of Elyvilon.
   187 | D        | Found a blossoming altar of Fedhas.
   187 | D        | Found an opulent altar of Gozag.
   188 | D        | Found a hazy altar of Hepliaklqana.
   189 | D        | Found a viscous altar of Jiyva.
   190 | D        | Found an ancient bone altar of Kikubaaqudgha.
   191 | D        | Found a corrupted altar of Lugonu.
   192 | D        | Found a burning altar of Makhleb.
   193 | D        | Found a sparkling altar of Nemelex Xobeh.
   194 | D        | Found an iron altar of Okawaru.
   195 | D        | Found a stormy altar of Qazlal.
   196 | D        | Found a sacrificial altar of Ru.
   197 | D        | Found a shimmering blue altar of Sif Muna.
   198 | D        | Found a bloodstained altar of Trog.
   199 | D        | Found a hide-covered altar of Uskayaw.
   200 | D        | Found a radiant altar of Vehumet.
   201 | D        | Found an ornate altar of the Wu Jian Council.
   202 | D        | Became a worshipper of Warmaster Okawaru
   203 | D        | Found a shimmering altar of Xom.
   204 | D        | Found a basalt altar of Yredelemnul.
   205 | D        | Found a glowing silver altar of Zin.
   206 | D        | Found a glowing golden altar of the Shining One.
   264 | D        | Noticed a komodo dragon
   264 | D        | Noticed a two-headed ogre
   264 | D        | Noticed a yak
   277 | D        | Killed a yak
   278 | D        | Reached skill level 8 in Fighting
   278 | D        | Reached XP level 6. HP: 33/62 MP: 6/6
   286 | D        | Killed a two-headed ogre
   286 | D        | Reached * piety under Okawaru
   287 | D        | Reached skill level 10 in Fighting
   287 | D        | Reached XP level 7. HP: 19/73 MP: 7/7
   287 | D        | Reached XP level 8. HP: 22/81 MP: 8/8
   291 | D        | Reached ** piety under Okawaru
   292 | D        | Reached skill level 10 in Armour
   292 | D        | Reached skill level 10 in Shields
   872 | D        | Killed a komodo dragon
   873 | D        | Reached skill level 11 in Fighting
   873 | D        | Reached skill level 10 in Polearms
  1120 | D        | Noticed a centaur warrior
  1120 | D        | Noticed a centaur warrior
  1120 | D        | Noticed a manticore
  1120 | D        | Noticed a red ugly thing
  1136 | D        | Mangled by a red ugly thing

Illustrated notes

Levels and vault maps discovered:
D:        linesprint [early_d, line_temple, items_1, d_10, items_2, lair_1,
          lair_end, items_3, orc_1, orc_end, items_4, d_15, swamp_1, shoals_1,
          snake_1, spider_1, d_20, vaults_1, items_5, swamp_end, shoals_end,
          snake_end, spider_end, vaults_end, d_27, items_6, zot_1, zot_end,
          crypt_end, forest_end, elf_end, slime_end, tomb_end, abyss_end,
          pan_hell_end]

Skill      XL: |  1  2  3  4  5  6  7  8 |
---------------+-------------------------+-----
Fighting       | 4 6 8 10 11 | 11.3
Polearms       | 3 5 7 9 10 | 10.1
Armour         | 4 5 6 7 9 10 | 10.4
Shields        | 4 6 7 9 10 | 10.4

Action                   |  1- 3 |  4- 6 |  7- 9 || total
-------------------------+-------+-------+-------++-------
Melee: Trident           |    37 |     7 |       ||    44
       Quarterstaff      |       |    19 |    21 ||    40
  Use: Potion            |     2 |     3 |     1 ||     6
Armor: Scale mail        |    20 |     2 |     9 ||    31
Dodge: Dodged            |    18 |     6 |     6 ||    30
Block: Buckler           |    13 |     2 |       ||    15

Table legend: (Time is in decaauts)
 A = Elapsed time spent in this place.
 B = Non-inter-level travel time spent in this place.
 C = Inter-level travel time spent in this place.
 D = Time resting spent in this place.
 E = Time spent auto-exploring this place.
 F = Levels seen in this place.
 G = Mean time per level.
                   A        B        C        D        E       F      G
               +--------+--------+--------+--------+--------+-----+--------+
         Total |   1141 |   1141 |      0 |    916 |     12 |   1 | 1141.0 |
       Dungeon |   1141 |   1141 |      0 |    916 |     12 |   1 | 1141.0 |
               +--------+--------+--------+--------+--------+-----+--------+

Top non-repeatable levels by time:
       D: 1141 daAuts
